[Event "*** Titled Tuesday Blitz"]
[Site "Chess.com"]
[Date "2019.03.05"]
[Round "9"]
[White "tteshan"]
[Black "CzechmVIII"]
[Result "1-0"]
[WhiteElo "2203"]
[BlackElo "2121"]
[TimeControl "180+2"]
[EndTime "15:12:05 PST"]
[Termination "tteshan won on time"]

1. e4 c5 2. c3 d5 3. exd5 Nf6 4. c4 e6 5. dxe6 Bxe6 6. Nc3 Nc6 7. Nf3 Qd7 8. d3 O-O-O 9. Be3 Ng4 10. Be2 Nb4 11.
d4 Bf5 12. Rc1 Nxe3 13. fxe3 cxd4 14. exd4 Nc6 15. d5 Na5 16. O-O Bc5+ 17. Kh1 Rhe8 18.
Nd4 Bg6 19. Bg4 f5 20. Nxf5 Qc7 21. Nb5 Qb6 22. Nxg7+ Kb8 23. Nxe8 Rxe8 24. Qf3 a6 25. Nc3 1-0

[Event "*** Titled Tuesday Blitz"]
[Site "Chess.com"]
[Date "2019.03.05"]
[Round "9"]
[White "Blitzstream"]
[Black "BlueWizzard"]
[Result "0-1"]
[WhiteElo "2571"]
[BlackElo "2684"]
[TimeControl "180+2"]
[EndTime "15:12:10 PST"]
[Termination "BlueWizzard won on time"]

1. e4 c5 2. Nf3 g6 3. h4 Nf6 4. e5 Nh5 5. d4 cxd4 6. g4 Ng7 7. Qxd4 Nc6 8. Qe4 h5 9. gxh5 Rxh5 10. Nc3 d6 11.
exd6 Bf5 12. Qa4 Qxd6 13. Bf4 Qe6+ 14. Be2 O-O-O 15. Ng5 Rxg5 16. hxg5 Rd4 17. Qb5 Rxf4 18. Rh8 Rd4 19. Rxf8+ Kc7 20. Rd1 Rxd1+ 21. Kxd1 Bxc2+ 22. Kc1 Bf5 23. Nd5+ Kd6 24. Ne3 Qe4 25. Qxb7 Ne6 26. Rc8 Ned4 27. Nc4+ Ke6 28. Rxc6+ Nxc6 29. Qc8+ Kd5 30.
Bf3 Bxc8 0-1

[Event "*** Titled Tuesday Blitz"]
[Site "Chess.com"]
[Date "2019.03.05"]
[Round "9"]
[White "Saitama_Hero"]
[Black "MatBobula"]
[Result "1-0"]
[WhiteElo "2230"]
[BlackElo "2251"]
[TimeControl "180+2"]
[EndTime "15:12:10 PST"]
[Termination "Saitama_Hero won by checkmate"]

1. e4 e6 2. d4 d5 3. Nc3 Bb4 4.
e5 c5 5. a3 Bxc3+ 6. bxc3 Ne7 7. Nf3 Qc7 8. Be2 b6 9. O-O Ba6 10. Bxa6 Nxa6 11. Qe2 Nb8 12. a4 Nbc6 13. Ba3 Na5 14.
dxc5 Nc4 15. cxb6 axb6 16. Bb4 O-O 17. Rfe1 Rfc8 18. Nd4 Nc6 19. Nb5 Qxe5 20. Qg4 Qf6 21. Nd6 Nxd6 22. Bxd6 Qxc3 23. h4 Qxc2 24. Ra3 Qf5 25. Qd1 Na5 26. Rg3 Rc2 27. Qd4 f6 28. Qxb6 Nc4 29. Qb7 Qxf2+ 30. Kh2 g5 31. Qxa8+ Kf7 32.
Qf8+ Kg6 33. Qe8+ Kf5 34. Qxe6+ Kg6 35. Rxg5+ Kh6 36. Bf8# 1-0

[Event "*** Titled Tuesday Blitz"]
[Site "Chess.com"]
[Date "2019.03.05"]
[Round "9"]
[White "Vadim_Biliy"]
[Black "BillForster"]
[Result "1-0"]
[WhiteElo "2131"]
[BlackElo "1725"]
[TimeControl "180+2"]
[EndTime "15:12:10 PST"]
[Termination "Vadim_Biliy won by checkmate"]

1. e4 c5 2. Nf3 a6 3. d4 cxd4 4. Nxd4 e5 5. Ne2 Nf6 6. Nbc3 Bb4 7. a3 Ba5 8. Bg5 d6 9. Qd3 Be6 10. O-O-O Nbd7 11. Qxd6 Rc8 12. Nd5 Rc6 13. Bxf6 gxf6 14. Nxf6+ Qxf6 15. Qd3 O-O 16. Ng3 Rfc8 17. f3 Qd8 18. Kb1 Qc7 19. Rc1 Qb6 20. Be2 Rc3 21. Qd2 Rxa3 22. Qg5+ Kh8 23. c4 Rb3 24. Rc2 Bxc4 25.
Rhc1 Rb4 26. Nf5 Bxe2 27. Qg7# 1-0

[Event "*** Titled Tuesday Blitz"]
[Site "Chess.com"]
[Date "2019.03.05"]
[Round "9"]
[White "PawnEatingZombie"]
[Black "MFguimaraes"]
[Result "0-1"]
[WhiteElo "2119"]
[BlackElo "2298"]
[TimeControl "180+2"]
[EndTime "15:12:19 PST"]
[Termination "MFguimaraes won by resignation"]

1. d4 d5 2. c4 c6 3. Nc3 dxc4 4. e3 b5 5. a4 b4 6. Ne4 Bf5 7. Nc5 e5 8. Qf3 exd4 9. Qxf5 d3 10. Nxd3 cxd3 11. Bxd3 Nf6 12. Nf3 Be7 13. Bc4 O-O 14. O-O Nbd7 15. e4 Nb6 16. Ba6 Qd7 17. Qxd7 Nfxd7 18. Bf4 Nc5 19. a5 Nxa6 20. axb6 axb6 21. Rfd1 Nc5 22. Rxa8 Rxa8 23. Ne5 Bf6 24. Nxc6 Bxb2 25. Nxb4 Nxe4 26. Nd5 Bd4 27. Be3 Bxe3 28. Nxe3 b5 29. h4 b4 30. Rd4 b3 31. Rb4 Nd2 32. f3 h5 33. Kf2 Ra2 34. Kg3 b2 35. Nf5 b1=Q 0-1

[Event "*** Titled Tuesday Blitz"]
[Site "Chess.com"]
[Date "2019.03.05"]
[Round "9"]
[White "GeorgMeier"]
[Black "OparinGrigoriy"]
[Result "0-1"]
[WhiteElo "2829"]
[BlackElo "2978"]
[TimeControl "180+2"]
[EndTime "15:12:28 PST"]
[Termination "OparinGrigoriy won by resignation"]

1. Nf3 Nf6 2. g3 b6 3. Bg2 Bb7 4. c4 e6 5. O-O c5 6. Nc3 Be7 7. d4 cxd4 8. Qxd4 O-O 9. Rd1 Nc6 10. Qf4 d6 11. b3 Qb8 12. Bb2 Rd8 13. Ne4 Nxe4 14.
Qxe4 Ne5 15. Qf4 Ng6 16. Qg4 Qc7 17. Rd2 Rd7 18. Rad1 Rad8 19. h4 f5 20. Qh5 Nf8 21. Bh3 h6 22. Nd4 Bf6 23. Bg2 Bxg2 24. Kxg2 Bxd4 25.
Bxd4 d5 26. cxd5 Rxd5 27. Be3 Rxd2 28. Rxd2 Rxd2 29. Bxd2 Qc2 30. Bb4 Qe4+ 0-1

[Event "*** Titled Tuesday Blitz"]
[Site "Chess.com"]
[Date "2019.03.05"]
[Round "9"]
[White "fm_magua"]
[Black "Caterpiller35"]
[Result "1-0"]
[WhiteElo "2475"]
[BlackElo "2344"]
[TimeControl "180+2"]
[EndTime "15:12:28 PST"]
[Termination "fm_magua won by resignation"]

1. e4 c5 2. Nf3 g6 3. d4 cxd4 4. Nxd4 Bg7 5. Nc3 Nc6 6. Nde2 Nf6 7. g3 b6 8. Bg2 Bb7 9. O-O O-O 10. Nd5 e6 11.
Nxf6+ Qxf6 12. c3 Rad8 13. Bf4 d5 14. exd5 exd5 15. Qd2 d4 16. Bg5 dxc3 17. Qxd8 Qxd8 18. Bxd8 cxb2 19. Rad1 Rxd8 20. Bd5 Kf8 21. Nf4 Na5 22. Bxb7 Nxb7 23. Nd3 Nc5 24. Nxb2 Rxd1 25. Nxd1 Ke7 26. Ne3 Bd4 27. Re1 Kd6 28. Kg2 Ne6 29. Nc2 Bc5 30. Rd1+ Ke7 31. h4 h5 32. Kf3 Kf6 33. Ne3 Nd4+ 34.
Ke4 Ne6 35. Nd5+ Kg7 36. f4 Bf2 37. Kf3 Bc5 38. Nc3 Nd4+ 39. Ke4 Nf5 40. Ne2 Bf2 41. Kf3 Bc5 42. Rd7 a5 43. Nc3 Nd4+ 44. Ke4 Nf5 45. Kf3 Nd4+ 46. Kg2 Nf5 47. Ne4 Bd4 48.
Ng5 Ne3+ 49. Kf3 Nf5 50. Ne6+ Kg8 51. Nxd4 1-0

[Event "*** Titled Tuesday Blitz"]
[Site "Chess.com"]
[Date "2019.03.05"]
[Round "9"]
[White "Andrei_Belozerov"]
[Black "GMKrikor"]
[Result "1-0"]
[WhiteElo "2509"]
[BlackElo "2694"]
[TimeControl "180+2"]
[EndTime "15:12:37 PST"]
[Termination "Andrei_Belozerov won by resignation"]

1. e4 c5 2. Nf3 d6 3. d4 cxd4 4. Nxd4 Nf6 5. Nc3 a6 6. f3 e6 7. Be3 b5 8. Qd2 b4 9. Na4 Nbd7 10. c4 Qc7 11. Rc1 Rb8 12. Qf2 Be7 13. Be2 O-O 14. O-O Ne5 15. Nb3 Bd7 16. Nb6 Bc6 17. Nd5 Qd7 18. Nxe7+ Qxe7 19. Rfd1 Ba4 20. Rd2 Rfc8 21. Na5 Qc7 22. Nb3 Be8 23. Nd4 Ned7 24. Rcd1 Rd8 25. Nb3 Ne5 26. Bf4 Nh5 27. Bg5 Rd7 28.
c5 dxc5 29. Qxc5 Qxc5+ 30. Nxc5 Rxd2 31. Rxd2 Nc6 32. Nxa6 Rc8 33. Rc2 h6 34. Be3 Nf6 35.
Nxb4 1-0

[Event "*** Titled Tuesday Blitz"]
[Site "Chess.com"]
[Date "2019.03.05"]
[Round "9"]
[White "Tiqr777"]
[Black "Bryakin_Mikhail"]
[Result "1-0"]
[WhiteElo "2497"]
[BlackElo "2624"]
[TimeControl "180+2"]
[EndTime "15:12:37 PST"]
[Termination "Tiqr777 won on time"]

1. c4 e6 2. g3 f5 3. Bg2 Nf6 4. Nc3 c6 5. Nf3 d5 6. d3 Be7 7. O-O O-O 8. Qc2 d4 9. Nb1 c5 10. a3 Nc6 11. e3 e5 12. exd4 exd4 13. Re1 Bd6 14. Bg5 h6 15. Bxf6 Qxf6 16. Nbd2 Bd7 17.
Re2 Rfe8 18. Rae1 a6 19. Qb3 Rxe2 20. Rxe2 Rb8 21. Qb6 Qd8 22. Qxd8+ Rxd8 23. Ne1 Kf7 24. Nc2 b5 25. b3 Ne5 26. Ne1 Rb8 27. f4 Ng4 28.
Nc2 Nf6 29. b4 cxb4 30. axb4 bxc4 31. Nxc4 Bxb4 32. Ne5+ Kg8 33. Nxd7 Nxd7 34. Bd5+ Kf8 35. Nxb4 Rxb4 36. Be6 Nb6 37. Bxf5 a5 38. Bg6 Rb1+ 39.
Kg2 1-0

[Event "*** Titled Tuesday Blitz"]
[Site "Chess.com"]
[Date "2019.03.05"]
[Round "9"]
[White "BIG_Pirate"]
[Black "Blagorod"]
[Result "1-0"]
[WhiteElo "2367"]
[BlackElo "2119"]
[TimeControl "180+2"]
[EndTime "15:12:37 PST"]
[Termination "BIG_Pirate won by resignation"]

1. Nf3 Nc6 2. d4 d5 3. Bf4 Bg4 4. e3 e6 5. c4 Bd6 6. Bg3 Bb4+ 7.
Nc3 Nf6 8. cxd5 Nxd5 9. Rc1 O-O 10.
Be2 Nce7 11. Qb3 a5 12. O-O c6 13. a3 Bxc3 14. bxc3 b5 15. a4 b4 16. cxb4 axb4 17.
Bd3 Bxf3 18. gxf3 Qa5 19. Ra1 Rfd8 20. Rfc1 Nc3 21. Be4 Ne2+ 22. Kg2 Nxc1 23. Rxc1 Qxa4 24. Qb1 b3 25. Bxh7+ Kh8 26. Qe4 b2 27. Rb1 Nf5 28.
Bxf5 exf5 29. Qxf5 Qb5 30. Qxb5 cxb5 31. Rxb2 Ra5 32. Bc7 1-0

[Event "*** Titled Tuesday Blitz"]
[Site "Chess.com"]
[Date "2019.03.05"]
[Round "9"]
[White "ahkashefi2800"]
[Black "jflup"]
[Result "1-0"]
[WhiteElo "2280"]
[BlackElo "2375"]
[TimeControl "180+2"]
[EndTime "15:12:42 PST"]
[Termination "ahkashefi2800 won by resignation"]

1. d4 Nf6 2. Nf3 g6 3. g3 Bg7 4. Bg2 O-O 5. O-O d5 6. b3 a5 7. Bb2 a4 8. a3 axb3 9. cxb3 Ne4 10. Nfd2 Nxd2 11. Nxd2 c5 12. e3 cxd4 13. Bxd4 Bxd4 14. exd4 Nc6 15. Re1 Nxd4 16. Nf1 Nb5 17. Qxd5 Qxd5 18.
Bxd5 Rxa3 19. Rxa3 Nxa3 20. Rxe7 b6 21. Ne3 Nb5 22.
Nc4 Nc3 23. Nxb6 Nxd5 24. Nxd5 Be6 25. Nf6+ Kg7 26. Ne8+ Kh6 27. b4 Bc4 28. h4 g5 29.
Nd6 Bd5 30. hxg5+ Kxg5 31. Re5+ Kf6 32. Rxd5 Ke6 33. Rd2 Rb8 34. b5 Rd8 35. Ne4 Rb8 36. Ng5+ Kf6 37. Rd5 h6 38. Ne4+ Ke6 39. Rh5 f5 40.
Rxh6+ Kd5 41. Nf6+ Kd4 42. Rh4+ Kc3 43. b6 Kd3 44. Nd7 Rb7 45. Nc5+ 1-0

[Event "*** Titled Tuesday Blitz"]
[Site "Chess.com"]
[Date "2019.03.05"]
[Round "9"]
[White "SanchezKelvin"]
[Black "NoGalloNoParty"]
[Result "1-0"]
[WhiteElo "2489"]
[BlackElo "2345"]
[TimeControl "180+2"]
[EndTime "15:12:42 PST"]
[Termination "SanchezKelvin won on time"]

1. d4 Nf6 2. c4 g6 3. Nc3 d5 4.
Nf3 Bg7 5. Bg5 Ne4 6. cxd5 Nxg5 7. Nxg5 e6 8. Qd2 h6 9. Nf3 exd5 10. e3 O-O 11. h3 c6 12. Bd3 Nd7 13. O-O a5 14. a3 Re8 15. b4 b5 16. e4 Nb6 17. e5 Nc4 18. Qc2 axb4 19. axb4 Rxa1 20. Rxa1 Qe7 21. Na2 Bf8 22. Nd2 Bd7 23. Nb3 Qg5 24.
Kf1 Ra8 25. Re1 Be6 26. Bxc4 dxc4 27. Nc5 Bd5 28. Ne4 1-0

[Event "*** Titled Tuesday Blitz"]
[Site "Chess.com"]
[Date "2019.03.05"]
[Round "9"]
[White "Swarnapuri"]
[Black "FMJoseHerrera"]
[Result "1-0"]
[WhiteElo "2723"]
[BlackElo "2530"]
[TimeControl "180+2"]
[EndTime "15:12:48 PST"]
[Termination "Swarnapuri won on time"]

1. d4 Nf6 2. Bf4 c5 3. dxc5 g6 4. Nc3 Bg7 5. e4 O-O 6. Qd2 Qa5 7. Be3 Ng4 8. Bd4 e5 9. Be3 Nxe3 10. Qxe3 Nc6 11. Bd3 Nd4 12. Ne2 Qxc5 13. O-O b5 14.
Nd5 Bb7 15. Nxd4 exd4 16. Qg5 Kh8 17. Rfe1 Rae8 18. Qf4 Bxd5 19. exd5 Qxd5 20. Qc7 Rxe1+ 21. Rxe1 Qxa2 22. Qxd7 Qxb2 23. Qxa7 Qc3 24. Rb1 b4 25. Qe7 Rb8 26. g3 b3 27. Rxb3 Qa1+ 28. Kg2 Qa8+ 29.
Be4 Re8 30. Bxa8 Rxe7 31. Rb8+ Bf8 32. Rxf8+ Kg7 33. Rd8 Re2 34. Rc8 Rd2 35. Be4 f5 36. Bd3 Kf6 37. Kf1 Ke5 38. Ke1 1-0

[Event "*** Titled Tuesday Blitz"]
[Site "Chess.com"]
[Date "2019.03.05"]
[Round "9"]
[White "xLuring1"]
[Black "JosefineHeinemann"]
[Result "1-0"]
[WhiteElo "2413"]
[BlackElo "2385"]
[TimeControl "180+2"]
[EndTime "15:12:55 PST"]
[Termination "xLuring1 won by resignation"]

1. e4 c5 2. Nf3 d6 3. d4 cxd4 4. Nxd4 Nf6 5. f3 e5 6. Nb3 a5 7. Nc3 Be6 8. Bb5+ Nc6 9. O-O Be7 10. Be3 O-O 11. Bf2 Na7 12. Be2 Qc7 13. Nd2 Rfc8 14. Kh1 Nd7 15. Bxa7 Rxa7 16. Nb5 Qb6 17. Nxa7 Qxa7 18. b3 Nc5 19. c4 Bd7 20. Nb1 Ne6 21.
Nc3 Nd4 22. Qd2 Be6 23. Nb5 Nxb5 24. cxb5 Qb6 25. Rac1 Rd8 26. Bc4 h6 27. Rcd1 Bd7 28.
Qe2 Rc8 29. Rd2 a4 30. f4 axb3 31. axb3 exf4 32. Rxf4 Be6 33. Bxe6 fxe6 34. Rd1 Rc5 35. Qg4 Re5 36. Rdf1 Qxb5 37. Qg6 1-0

[Event "*** Titled Tuesday Blitz"]
[Site "Chess.com"]
[Date "2019.03.05"]
[Round "9"]
[White "INLOVEWITHF"]
[Black "aa175"]
[Result "1-0"]
[WhiteElo "2271"]
[BlackElo "1847"]
[TimeControl "180+2"]
[EndTime "15:12:55 PST"]
[Termination "INLOVEWITHF won by resignation"]

1. e4 e6 2. d4 d5 3. Nc3 c5 4.
dxc5 d4 5. Nb5 Bxc5 6. Nf3 Nc6 7.
Bf4 Bb6 8. Nd6+ Kf8 9. Bb5 Bc7 10. Nxd4 e5 11. Nxc6 bxc6 12. Bxe5 cxb5 13. Qd5 Be6 14. Qc5 Ne7 15. O-O-O f6 16. Nf7 Kxf7 17. Rxd8 Bxe5 18.
Rxh8 Rxh8 19. g3 Rc8 20. Qxa7 Bd7 21. Qxd7 Ra8 22. a3 b4 23. a4 b3 24. cxb3 Rc8+ 25. Kb1 Rc7 26. Qd3 Rb7 27. f4 Bb8 28. Qc4+ Kf8 29. e5 fxe5 30. fxe5 Bxe5 31. Rf1+ Bf6 32. Rd1 Rb8 33. g4 h6 34. a5 Ra8 35. a6 Nc8 36. Qc5+ Be7 37. Rf1+ Ke8 38.
Qc6+ Kd8 39. Qxa8 Kc7 40. Qxc8+ Kd6 41. Qe6+ Kxe6 42. Re1+ 1-0

[Event "*** Titled Tuesday Blitz"]
[Site "Chess.com"]
[Date "2019.03.05"]
[Round "9"]
[White "SuperCheese"]
[Black "SerGo055"]
[Result "0-1"]
[WhiteElo "2606"]
[BlackElo "2506"]
[TimeControl "180+2"]
[EndTime "15:12:57 PST"]
[Termination "SerGo055 won by resignation"]

1. d4 Nf6 2. c4 e6 3. Nc3 d5 4.
Nf3 c6 5. Bg5 dxc4 6. e4 b5 7.
e5 h6 8. Bh4 g5 9. Nxg5 hxg5 10. Bxg5 Nbd7 11. g3 Bb7 12. exf6 Qb6 13. Bg2 O-O-O 14.
O-O Ne5 15. dxe5 Rxd1 16. Raxd1 c5 17. Ne4 Bd5 18. h4 Qc6 19. Rfe1 b4 20. Bf4 a5 21.
Rxd5 exd5 22. Bh3+ Kb7 23. Nd6+ Bxd6 24. exd6 c3 25.
bxc3 bxc3 26. Re7+ Kb6 27. Bd7 Qa8 28. Ba4 d4 29. d7 Rd8 30. Re8 d3 31. Re3 c4 32.
Re5 d2 33. Rb5+ Ka6 34. Rc5 Rxd7 35. Bc7 d1=Q+ 0-1

[Event "*** Titled Tuesday Blitz"]
[Site "Chess.com"]
[Date "2019.03.05"]
[Round "9"]
[White "Doraemon7"]
[Black "PaulfromSPb"]
[Result "0-1"]
[WhiteElo "2606"]
[BlackElo "2631"]
[TimeControl "180+2"]
[EndTime "15:13:00 PST"]
[Termination "PaulfromSPb won on time"]

1. d4 Nf6 2. c4 e6 3. g3 c5 4. Nf3 cxd4 5. Nxd4 d5 6. Bg2 e5 7. Nf3 d4 8. O-O Nc6 9. e3 Be7 10. exd4 exd4 11. Bf4 O-O 12. Ne5 Qb6 13. Re1 Be6 14.
Nd2 Rac8 15. Qb3 Qa6 16. Qb5 Nxe5 17. Qxa6 bxa6 18. Bxe5 Bc5 19. Nb3 Bb4 20. Red1 Bxc4 21. Nxd4 Ng4 22. Bf4 Bc5 23. h3 Rfd8 24. Nc6 Rxd1+ 25.
Rxd1 Nxf2 26. Rd7 Nxh3+ 27. Kh2 Nxf4 28. gxf4 Bxa2 29. b4 Be6 30. Rb7 Bd6 31. Kg1 a5 32. bxa5 a6 33. f5 Bxf5 34. Bd5 Be6 35. Bf3 g5 36.
Kg2 g4 37. Be4 h5 38. Rb6 f5 39. Ne7+ Bxe7 40. Rxe6 Kf7 41. Bxf5 Rc5 42. Re4 Rxf5 0-1

[Event "*** Titled Tuesday Blitz"]
[Site "Chess.com"]
[Date "2019.03.05"]
[Round "9"]
[White "Sajkochess"]
[Black "b_6"]
[Result "0-1"]
[WhiteElo "2258"]
[BlackElo "2441"]
[TimeControl "180+2"]
[EndTime "15:13:01 PST"]
[Termination "b_6 won by resignation"]

1. e4 e6 2. d3 d5 3. Nd2 Nf6 4. Ngf3 Bc5 5. e5 Nfd7 6. d4 Be7 7. Bd3 c5 8. c3 b6 9. Qe2 a5 10. O-O Ba6 11. Rd1 Bxd3 12. Qxd3 Nc6 13. Nf1 Qc7 14. Ng3 cxd4 15. cxd4 Nb4 16. Qb5 Qc6 17. Qe2 Qc2 18. Qf1 O-O 19. a3 Nc6 20. Bg5 Bxg5 21. Nxg5 Rfc8 22. Qb5 h6 23. Rac1 Nxd4 24. Qxd7 Qxc1 25. Qxf7+ Kh8 26. Qh5 Qxg5 27. Qxg5 hxg5 28. Rxd4 Rc1+ 29.
Nf1 Rac8 30. g3 R8c4 31. Rd2 R4c2 32. Rxc2 Rxc2 33. b4 axb4 34. axb4 Rb2 35. Ne3 Rxb4 36. Nc2 Rc4 37. Ne3 Rc1+ 38. Kg2 b5 39. h4 gxh4 40. gxh4 b4 41. Kf3 b3 42. Ke2 b2 43. f4 b1=Q 0-1

[Event "*** Titled Tuesday Blitz"]
[Site "Chess.com"]
[Date "2019.03.05"]
[Round "9"]
[White "NateSolon"]
[Black "NemtsevIgor"]
[Result "1-0"]
[WhiteElo "2538"]
[BlackElo "2341"]
[TimeControl "180+2"]
[EndTime "15:13:01 PST"]
[Termination "NateSolon won by resignation"]

1. d4 c6 2. Nf3 h6 3. e4 d5 4.
Nc3 Nf6 5. e5 Ne4 6. Bd3 Bf5 7.
Qe2 Nxc3 8. bxc3 Bxd3 9. cxd3 e6 10. O-O Be7 11. Nd2 c5 12. dxc5 Bxc5 13. d4 Be7 14. f4 g6 15. g4 Qa5 16. Bb2 Nc6 17. f5 gxf5 18. gxf5 O-O-O 19. f6 Ba3 20. Nb3 Qa4 21. Bxa3 Qxa3 22. Rab1 b6 23. Kh1 Rhg8 24. Qb5 Kc7 25. Rf2 Rb8 26. Qe2 Qa4 27. Qh5 Rg6 28. Qe2 Rbg8 29. Rbf1 Qc4 30. Qxc4 dxc4 31. Nd2 b5 32. Ne4 a6 33. Nd6 Nd8 34. a4 bxa4 35. Ra2 Rf8 36. Rxa4 Nb7 37. Rxc4+ Kb8 38. Rb4 Rfg8 39. Rxb7+ Ka8 40.
Rxf7 Rg4 41. Re7 1-0

[Event "*** Titled Tuesday Blitz"]
[Site "Chess.com"]
[Date "2019.03.05"]
[Round "9"]
[White "Fivetrick"]
[Black "yuki_chess123"]
[Result "0-1"]
[WhiteElo "2431"]
[BlackElo "2138"]
[TimeControl "180+2"]
[EndTime "15:13:10 PST"]
[Termination "yuki_chess123 won on time"]

1. e4 g6 2. d4 Bg7 3. Nc3 c6 4. Be3 d5 5. exd5 cxd5 6. Bd3 Nc6 7. Nge2 Nf6 8. h3 O-O 9. Qd2 e5 10. dxe5 Nxe5 11. O-O Nxd3 12. Qxd3 Bf5 13. Qd2 Ne4 14. Nxe4 dxe4 15. Qb4 Qc7 16. c3 Rfd8 17. Ng3 Bf8 18. Qb3 Be6 19. Qc2 f5 20. Ne2 Bc4 21. Nd4 Qf7 22.
Rfd1 Bg7 23. b3 Bd3 24. Qb2 f4 25. Bc1 Rxd4 26. cxd4 Rd8 27. Rxd3 exd3 28. Bd2 Bxd4 29. Bc3 Bb6 30. Qd2 g5 31. Re1 Rd7 32. Re5 h6 33. Kh2 Bc7 34. Rb5 f3+ 35. g3 Qe6 36. Rb4 Qe2 37.
Qxe2 fxe2 38. Be1 Ba5 0-1

[Event "*** Titled Tuesday Blitz"]
[Site "Chess.com"]
[Date "2019.03.05"]
[Round "9"]
[White "chenrip"]
[Black "M1711"]
[Result "1-0"]
[WhiteElo "2333"]
[BlackElo "2491"]
[TimeControl "180+2"]
[EndTime "15:13:13 PST"]
[Termination "chenrip won by checkmate"]

1. e4 Nc6 2. Nf3 d6 3. d4 Nf6 4. Nc3 g6 5. Be3 Bg7 6. h3 O-O 7. Qd2 e5 8. d5 Ne7 9. g4 c6 10.
dxc6 bxc6 11. O-O-O Ne8 12. Bh6 Bb7 13. Bxg7 Kxg7 14.
h4 f6 15. g5 f5 16. Bg2 c5 17. Nxe5 fxe4 18. Nxe4 Nf5 19. h5 Nd4 20. hxg6 hxg6 21. Nf6 Nxf6 22. Bxb7 Nh5 23. Nxg6 Kxg6 24. Be4+ Nf5 25. Rxh5 Kxh5 26. Rh1+ Nh4 27. Qe2+ Kxg5 28. Rg1+ Kf6 29. Qh5 Ke6 30. Bd5+ Kd7 31. Rg7+ Kc8 32.
Bxa8 Qf6 33. Qg4+ Nf5 34. Rg5 Kb8 35. Qf3 Qf7 36. Rxf5 Qxf5 37. Qb7# 1-0

[Event "*** Titled Tuesday Blitz"]
[Site "Chess.com"]
[Date "2019.03.05"]
[Round "9"]
[White "Last7Samurai"]
[Black "Salem-AR"]
[Result "0-1"]
[WhiteElo "2688"]
[BlackElo "2916"]
[TimeControl "180+2"]
[EndTime "15:13:15 PST"]
[Termination "Salem-AR won on time"]

1. e4 c5 2. c3 d6 3. d4 Nf6 4.
Bd3 g6 5. Nf3 Bg7 6. O-O O-O 7.
h3 Nfd7 8. Be3 Nc6 9. Re1 Rb8 10.
a4 cxd4 11. cxd4 b6 12. Nc3 Nb4 13. Bf1 Bb7 14. d5 Rc8 15. Bd4 Nf6 16. a5 bxa5 17.
Bxa7 Nd7 18. Bd4 Bxd4 19. Nxd4 Nc5 20. Qd2 Qb6 21. Rad1 Ba6 22. Bxa6 Qxa6 23. Qh6 Ncd3 24. Re3 Kh8 25. e5 dxe5 26. Ne4 Rg8 27. Ng5 Rg7 28.
Rdxd3 exd4 29. Rxd4 Nc2 30. Rde4 Nxe3 31. Rxe3 Qf6 32.
Rf3 Rc1+ 33. Kh2 Qe5+ 34. g3 Qe1 0-1

[Event "*** Titled Tuesday Blitz"]
[Site "Chess.com"]
[Date "2019.03.05"]
[Round "9"]
[White "chessking2151"]
[Black "riconaipe"]
[Result "1-0"]
[WhiteElo "2590"]
[BlackElo "2439"]
[TimeControl "180+2"]
[EndTime "15:13:16 PST"]
[Termination "chessking2151 won by resignation"]

1. Nf3 Nf6 2. g3 g6 3. Bg2 Bg7 4. O-O O-O 5. c4 c6 6. b3 d5 7. Bb2 Bg4 8. Ne5 Be6 9. d4 Nbd7 10. Nc3 dxc4 11. Nxc4 Bxc4 12. bxc4 Nb6 13. Qd3 Qc7 14. a4 Rad8 15. a5 Nc8 16. e3 e5 17. d5 cxd5 18. Nxd5 Nxd5 19. cxd5 e4 20. Qb3 Bxb2 21. Qxb2 f5 22. Rfc1 Qg7 23. Qb3 Nd6 24. Ra2 g5 25. Rac2 Rd7 26. Qb4 h5 27. a6 b6 28. Rc6 Qe5 29.
Bf1 f4 30. Qc3 Qxd5 31. Be2 h4 32. Rd1 Qe6 33. Bc4 Nxc4 34. Rxe6 Rxd1+ 35. Kg2 Nd6 36. Rg6+ Kf7 37. Qg7+ Ke8 38. Re6+ Kd8 39. Qxf8+ Kd7 40. Qe7+ Kc6 41. gxf4 gxf4 42. exf4 e3 43. Rxe3 Rd5 44. Rc3+ Kb5 45. Qe2+ Kb4 46. Qb2+ 1-0

[Event "*** Titled Tuesday Blitz"]
[Site "Chess.com"]
[Date "2019.03.05"]
[Round "9"]
[White "RegZryt"]
[Black "gmjoey1"]
[Result "1-0"]
[WhiteElo "2472"]
[BlackElo "2724"]
[TimeControl "180+2"]
[EndTime "15:13:19 PST"]
[Termination "RegZryt won by checkmate"]

1. d4 Nf6 2. c4 c5 3. d5 e6 4. Nc3 exd5 5. cxd5 d6 6. e4 g6 7. Be2 Bg7 8. Be3 O-O 9. Nf3 Re8 10.
Nd2 Nbd7 11. O-O a6 12. a4 Rb8 13. h3 Nb6 14. Bf4 Qc7 15. a5 Nbd7 16. Nc4 Bf8 17. Qc2 b5 18. axb6 Nxb6 19. Na5 Bd7 20. Bxa6 Nh5 21.
Bh2 Bg7 22. Bb5 Bxc3 23. Bxd7 Bxb2 24. Bxe8 Bxa1 25. Bxf7+ Qxf7 26. Rxa1 Ra8 27. Bxd6 Qf6 28. e5 Qg5 29. Ra3 Nf4 30. Rg3 Qh5 31. Rg4 Nbxd5 32.
Qxc5 Qf5 33. Kh2 h5 34. Rg3 Qe4 35. Qc4 Qb1 36. e6 Rxa5 37. Qc8+ Kh7 38. Qd7+ Kh6 39. Bf8# 1-0

[Event "*** Titled Tuesday Blitz"]
[Site "Chess.com"]
[Date "2019.03.05"]
[Round "9"]
[White "Zq1"]
[Black "Kimster98"]
[Result "0-1"]
[WhiteElo "2545"]
[BlackElo "2617"]
[TimeControl "180+2"]
[EndTime "15:13:20 PST"]
[Termination "Kimster98 won on time"]

1. d4 Nf6 2. c4 e6 3. g3 Bb4+ 4.
Nd2 c5 5. a3 Bxd2+ 6. Qxd2 cxd4 7. Nf3 d5 8. cxd5 Qxd5 9. Qxd4 Nc6 10. Qxd5 Nxd5 11. b4 O-O 12. Bb2 Bd7 13. Bg2 b5 14. O-O a5 15. bxa5 Rxa5 16. Nd4 Nxd4 17. Bxd4 Ra4 18.
Bc5 Rc8 19. Rfc1 Rc4 20. Rxc4 bxc4 21. Bd4 Ba4 22. e4 Ne7 23. Rc1 Bb3 24. Bc3 Rd8 25. Bf1 Rc8 26. f4 f6 27. Kf2 Kf7 28. Ke3 Nc6 29.
Be1 Ne7 30. Kd4 e5+ 31. Kc3 Nc6 32. a4 Nd4 33. a5 Ra8 34. Ra1 Nc2 35. Bxc4+ Bxc4 36. Kxc2 Bb5 0-1

[Event "*** Titled Tuesday Blitz"]
[Site "Chess.com"]
[Date "2019.03.05"]
[Round "9"]
[White "StephenDedalus83"]
[Black "HrvojeZagreb"]
[Result "0-1"]
[WhiteElo "2667"]
[BlackElo "2137"]
[TimeControl "180+2"]
[EndTime "15:13:20 PST"]
[Termination "HrvojeZagreb won by resignation"]

1. e4 e6 2. d4 d5 3. Nc3 dxe4 4. Nxe4 Nd7 5. Nf3 Ngf6 6. Bd3 c5 7. Nxf6+ Nxf6 8.
dxc5 Bxc5 9. Qe2 O-O 10. Bg5 Qa5+ 11. c3 Nd5 12. O-O h6 13. Bxh6 gxh6 14. b4 Nxc3 15.
Bh7+ Kh8 16. Qd2 Qxb4 17. Qxh6 Qf4 18. Qxf4 Ne2+ 19. Kh1 Nxf4 20. Bc2 b6 21. Ne5 f6 22.
Ng4 Bb7 23. f3 Kg7 24. g3 Ng6 25. Kg2 f5 26. Nf2 Rad8 27. Nd3 Bd4 28. Rad1 f4 29. Ne1 e5 30. Bd3 Be3 31. Nc2 Bc5 32. Be2 Kf6 33. Bd3 Rxd3 34. Rxd3 Ba6 35. Rfd1 Bxd3 36. Rxd3 Rg8 37. Kf1 Kf5 38. Na1 Ne7 39. Nb3 fxg3 40. hxg3 Rxg3 41. Nxc5 bxc5 42. Kf2 Rh3 43. Ra3 Rh2+ 44.
Kg3 Rc2 45. Rxa7 Nd5 46. Ra8 c4 47. a4 c3 48. Rc8 Ra2 49. Rc5 Ke6 50. Rc4 c2 51. a5 Ne3 52. Rc3 Ra1 0-1

[Event "*** Titled Tuesday Blitz"]
[Site "Chess.com"]
[Date "2019.03.05"]
[Round "9"]
[White "SaraciNderim"]
[Black "PocketPivot"]
[Result "1-0"]
[WhiteElo "2750"]
[BlackElo "2519"]
[TimeControl "180+2"]
[EndTime "15:13:27 PST"]
[Termination "SaraciNderim won by resignation"]

1. d4 e6 2. c4 Nf6 3. Nf3 Bb4+ 4. Bd2 Bxd2+ 5. Nbxd2 d5 6. g3 O-O 7. Bg2 Qe7 8. O-O Rd8 9. Qc2 Nc6 10. e3 e5 11.
dxe5 Nxe5 12. Nxe5 Qxe5 13. cxd5 Nxd5 14. Nc4 Qe7 15.
Rad1 Be6 16. a3 c6 17. e4 Nb6 18. Nxb6 axb6 19. e5 Qc5 20. Be4 Qxc2 21. Bxc2 Kf8 22. Rxd8+ Rxd8 23. Rd1 Ra8 24. f4 g6 25. Kf2 Ke7 26. Ke3 Ra5 27. Be4 Rc5 28. Kd2 Bd5 29. b4 Rc4 30. Bd3 Rd4 31. Ke3 c5 32. Rc1 Bc6 33.
bxc5 bxc5 34. Rxc5 Ra4 35. Rc3 h5 36. Bc2 Ra5 37.
Be4 Bxe4 38. Kxe4 h4 39. Rb3 hxg3 40. hxg3 Ra4+ 41. Kd5 Ra5+ 42. Kc4 Ke8 43. Kd4 Ra4+ 44. Kd5 Ra6 45. g4 Kd8 46. f5 gxf5 47. gxf5 Ke8 48. f6 Ra5+ 49. Kd6 Ra6+ 50. Kd5 Ra5+ 51. Ke4 Ra4+ 52. Kf5 Ra7 53. Rh3 Kd7 54. Rh7 1-0